 Dungeon Crawl Stone Soup version 0.27-a0-861-g9529aa9bf3 (webtiles) character file.

Game seed: 10360632499966918788

26943 DarkShadow the Severer (level 13, -15/116 HPs)
             Began as a Minotaur Fighter on Apr 2, 2021.
             Was a High Priest of Makhleb.
             Killed by mirror damage (22 damage)
             ... on level 14 of the Dungeon.
             The game lasted 00:46:07 (14647 turns).

DarkShadow the Severer (Minotaur Fighter)          Turns: 14647, Time: 00:46:07

Health: -15/116    AC: 22    Str: 26    XL:     13   Next: 1%
Magic:  11/12      EV:  9    Int:  5    God:    Makhleb [*****.]
Gold:   737        SH: 20    Dex: 28    Spells: 12/12 levels left

rFire    . . .     SeeInvis .   f - +11 broad axe of Propriety {drain, rC+ Will+}
rCold    + . .     Faith    .   c - +0 kite shield
rNeg     . . .     Spirit   .   i - +0 plate armour
rPois    .         Reflect  +   (helmet restricted)
rElec    +         Harm     .   D - +0 cloak
rCorr    .         Rampage  .   M - +2 pair of gloves
Will     +....                  A - +1 pair of boots
Stlth    ..........             g - amulet of reflection
HPRegen  0.29/turn              W - +6 ring of dexterity
MPRegen  0.13/turn              j - ring "Juer" {*Slow +Blink rElec Str+6 Dex+6}

@: no status effects
A: horns 2, retaliatory headbutt
a: Renounce Religion, Evoke Blink, Minor Destruction, Lesser Servant of Makhleb,
Major Destruction, Greater Servant of Makhleb


You were on level 14 of the Dungeon.
You worshipped Makhleb.
Makhleb was extremely pleased with you.
You visited 1 branch of the dungeon, and saw 14 of its levels.

You collected 737 gold pieces.

Inventory:

Hand Weapons
 a - a +1 war axe
 f - the +11 broad axe of Propriety (weapon) {drain, rC+ Will+}
   (You acquired it on level 9 of the Dungeon)

   A truly terrible weapon, it drains the life of those it strikes.
   It protects you from cold.
   It increases your willpower.
Missiles
 d - 2 curare-tipped darts
 G - a throwing net (quivered)
Armour
 b - a +0 scale mail
 c - a +0 kite shield (worn)
 i - a +0 plate armour (worn)
 o - a +0 pair of gloves
 t - a +0 pair of boots
 y - a +2 pair of gloves
 A - a +1 pair of boots (worn)
 D - a +0 cloak (worn)
 E - +0 steam dragon scales
 M - a +2 pair of gloves (worn)
Jewellery
 e - a ring of see invisible
 g - an amulet of reflection (around neck)
 j - the ring "Juer" (right hand) {*Slow +Blink rElec Str+6 Dex+6}
   (You took it off a kobold on level 9 of the Dungeon)

   [ring of strength]

   It affects your strength (+6).
   It affects your dexterity (+6).
   It insulates you from electricity.
   It lets you blink.
   It may slow you when you take damage.
 m - an amulet of guardian spirit
 x - a ring of wizardry
 C - a ring of magical power
 I - an amulet of faith
 L - an amulet of the acrobat
 U - a ring of poison resistance
 V - an amulet of magic regeneration
 W - a +6 ring of dexterity (left hand)
Wands
 h - a wand of paralysis (6)
 l - a wand of iceblast (13)
 p - a wand of random effects (44)
 r - a wand of polymorph (5)
 H - a wand of flame (28)
Scrolls
 k - 4 scrolls of blinking
 n - 3 scrolls of noise
 w - 2 scrolls of teleportation
 z - a scroll of summoning
 O - a scroll of silence
 P - 2 scrolls of enchant weapon
 S - a scroll of magic mapping
Potions
 q - 2 potions of resistance
 s - 2 potions of degeneration
 u - 4 potions of curing
 v - a potion of ambrosia
 B - a potion of brilliance {unknown}
 F - 3 potions of attraction
 J - 2 potions of mutation {unknown}
 K - a potion of flight {unknown}
 N - 2 potions of heal wounds
 Q - 3 potions of cancellation
 R - a potion of magic {unknown}
 Y - a potion of berserk rage {unknown}
 Z - a potion of haste {unknown}


   Skills:
 + Level 11.5 Fighting
 + Level 15.9 Axes
 + Level 11.5 Armour
 + Level 2.9 Dodging
 + Level 1.3 Stealth
 + Level 13.0 Shields
 + Level 0.1 Unarmed Combat


You had 12 spell levels left.
You didn't know any spells.
Your spell library contained the following spells:

 Spells                   Type           Power      Damage    Failure   Level
 Animate Skeleton         Necr           0%         N/A       99%         1
 Beastly Appendage        Tmut           0%         N/A       99%         1
 Freeze                   Ice            0%         1d3       99%         1
 Pain                     Necr           0%         1d4       99%         1
 Sandblast                Erth           0%         2d4       99%         1
 Passwall                 Tmut/Erth      0%         N/A       100%        2
 Wereblood                Tmut           0%         N/A       100%        2
 Confusing Touch          Hex            0%         N/A       100%        3
 Frozen Ramparts          Ice            0%         1d2       100%        3
 Gell's Gravitas          Tloc           0%         N/A       100%        3
 Ozocubu's Armour         Ice            0%         N/A       100%        3
 Spider Form              Tmut/Pois      0%         N/A       100%        3
 Stone Arrow              Conj/Erth      0%         3d7       100%        3
 Vampiric Draining        Necr           0%         2d6       100%        3
 Animate Dead             Necr           0%         N/A       100%        4
 Hailstorm                Conj/Ice       0%         3d3       100%        4
 Ice Form                 Ice/Tmut       0%         N/A       100%        4
 Petrify                  Tmut/Erth      0%         N/A       100%        4
 Summon Ice Beast         Ice/Summ       0%         N/A       100%        4
 Agony                    Necr           0%         N/A       100%        5
 Hydra Form               Tmut           0%         N/A       100%        5
 Lee's Rapid Deconstruct  Erth           0%         3d5*      100%        5
 Metabolic Englaciation   Hex/Ice        0%         N/A       100%        5
 Yara's Violent Unravell  Hex/Tmut       0%         3d3       100%        5


Dungeon Overview and Level Annotations

Branches:
Dungeon (14/15)            Temple (0/1) D:7             Orc (0/2) D:9
 Vaults (0/5) D:13
   Lair: D:8-11

Altars:
Fedhas
Hepliaklqana
Makhleb
Qazlal
Uskayaw
Wu Jian
Yredelemnul
The Shining One

Shops:
D:4 :

Portals:
Trove: D:12 (lose all piety)


Innate Abilities, Weirdness & Mutations

You have a pair of horns on your head.
You reflexively headbutt those who attack you in melee.


Message History

You block the wraith's attack.
You slash the wraith! You headbutt the wraith.
The wraith is heavily damaged.
You block the wraith's attack.
A phantasmal warrior comes into view.
You slice the wraith!!
You destroy the wraith!
Makhleb accepts your kill.
You feel better.
You completely miss the death knight. Your headbutt misses the death knight.
You block the death knight's attack.
The phantasmal warrior blinks!
You slash the death knight!
You headbutt the death knight, but do no damage.
The death knight is lightly wounded.
The death knight offers itself to Yredelemnul, and fills with unholy energy.
You hit the death knight.
You headbutt the death knight, but do no damage.
The death knight is lightly wounded.
You hit the phantasmal warrior.
The death knight reflects your damage back at you!
You block the death knight's attack.
You slice the death knight!! You headbutt the death knight!
The death knight is heavily wounded.
You slice the phantasmal warrior!!
The death knight reflects your damage back at you!
* * * LOW HITPOINT WARNING * * *
You block the phantasmal warrior's attack.
You block the death knight's attack.
You blink.
The death knight mumbles some strange prayers to Yredelemnul against you.
You easily resist.
The phantasmal warrior blinks!
The death knight hits you with a +0 battleaxe!!
* * * LOW HITPOINT WARNING * * *
You see here a +0 chain mail.
You slice the death knight!! You headbutt the death knight!
The death knight is almost dead.
You hit the phantasmal warrior but do no damage.
The death knight reflects your damage back at you!
You die...

.....#..#.....##....
....#..#......#....
...#..'......#....
#####..#..########....
#...#..#..............
#...#..####'##########
#..)#..............
#...#..............
#...p@W............
#...#.##########...
#####.# .. ..# . ...#
....# .....# ......#
########


You could see a death knight (reflects damage) and a phantasmal warrior.

Vanquished Creatures
  Jorgrun (D:14)
  Frances (D:14)
  A slime creature (D:13)
  Harold (D:7)
  2 hydras (D:13)
  A centaur warrior (D:13)
  A catoblepas (D:13)
  3 two-headed ogres
  An iron troll (D:13)
  3 ugly things
  A wizard (D:13)
  A deep elf pyromancer (D:13)
  Pikel (D:6)
  2 manticores
  2 centaur zombies (D:10)
  Maurice (D:11)
  2 gargoyles
  An efreet (D:13)
  Maggie (D:7)
  2 tengu conjurers
  2 trolls (D:13)
  A hornet (D:8)
  Grinder (D:3)
  A vampire (D:12)
  13 yaks
  2 wraiths
  A wyvern (D:9)
  A steam dragon (D:9)
  Eustachio (D:5)
  2 vampire mosquitoes (D:12)
  5 large abominations (D:13)
  Menkaure (D:6)
  2 acid dragons
  A water moccasin (D:6)
  6 orc warriors
  3 sky beasts
  A black bear (D:7)
  An ice beast (D:6)
  2 necrophages
  4 ogres
  13 centaurs
  2 lemures (D:6)
  A phantom (D:4)
  3 kobold brigands
  3 bullfrogs
  4 scorpions
  A wyvern zombie (D:8)
  7 small abominations (D:13)
  2 gnoll sergeants
  7 killer bees
  6 howler monkeys
  A bullfrog skeleton (D:6)
  A gnoll shaman (D:5)
  3 hounds
  12 orc priests
  A jelly (D:6)
  Crazy Yiuf (D:7)
  3 iron imps (D:4)
  An iguana (D:6)
  12 orc wizards
  A killer bee zombie (D:8)
  A howler monkey zombie (D:8)
  11 gnolls
  7 adders
  A white imp (D:3)
  An ufetubus (D:5)
  5 dart slugs
  35 orcs
  5 ball pythons
  7 endoplasms
  2 giant cockroaches
  3 goblins
  9 hobgoblins
  4 jackals (D:1)
  5 quokkas
  5 bats
  6 frilled lizards
  A jackal skeleton (D:4)
  8 kobolds
  10 rats
291 creatures vanquished.

Vanquished Creatures (others)
  A plant (D:1)
1 creature vanquished.

Grand Total: 292 creatures vanquished

Notes
Turn   | Place    | Note
-------+----------+-------------------------------------------
     0 | D:1      | DarkShadow the Minotaur Fighter began the quest for the
                  | Orb.
     0 | D:1      | Reached XP level 1. HP: 19/19 MP: 0/0
   286 | D:1      | Reached XP level 2. HP: 26/27 MP: 1/1
   599 | D:1      | Found a faded altar of an unknown god.
   792 | D:1      | Reached XP level 3. HP: 33/33 MP: 2/2
   912 | D:2      | Reached skill level 3 in Axes
  1749 | D:4      | Reached XP level 4. HP: 40/40 MP: 3/3
  1866 | D:4      | Noticed a phantom
  1875 | D:4      | Killed a phantom
  1876 | D:4      | Reached skill level 4 in Axes
  1876 | D:4      | Reached XP level 5. HP: 42/47 MP: 4/4
  1912 | D:4      | Reached skill level 1 in Dodging
  1990 | D:4      | Found Kiong's Book Boutique.
  2188 | D:4      | Found a burning altar of Makhleb.
  2211 | D:4      | Reached skill level 5 in Axes
  2211 | D:4      | Reached XP level 6. HP: 39/53 MP: 5/5
  2220 | D:4      | Reached skill level 5 in Armour
  2331 | D:4      | Became a worshipper of Makhleb the Destroyer
  2663 | D:3      | Noticed Grinder
  2686 | D:3      | Paralysed by Grinder for 3 turns
  2695 | D:3      | Killed Grinder
  2696 | D:3      | Reached skill level 6 in Axes
  2696 | D:3      | Reached skill level 5 in Shields
  2696 | D:3      | Reached XP level 7. HP: 32/60 MP: 6/6
  2921 | D:3      | Reached skill level 5 in Fighting
  3441 | D:3      | Found a glowing golden altar of the Shining One.
  3444 | D:3      | Noticed an angel
  3555 | D:3      | Reached * piety under Makhleb
  3565 | D:3      | Reached skill level 7 in Axes
  3779 | D:3      | Found a basalt altar of Yredelemnul.
  3783 | D:3      | Noticed a profane servitor
  4284 | D:5      | Entered Level 5 of the Dungeon
  4494 | D:5      | Noticed Eustachio
  4528 | D:5      | Reached XP level 8. HP: 40/69 MP: 7/7
  4605 | D:5      | Killed Eustachio
  4682 | D:5      | Reached skill level 8 in Axes
  5646 | D:6      | Noticed Pikel
  5660 | D:6      | Killed Pikel
  5661 | D:6      | Reached skill level 9 in Axes
  5661 | D:6      | Reached XP level 9. HP: 68/78 MP: 8/8
  6242 | D:6      | Reached ** piety under Makhleb
  6272 | D:6      | Noticed Menkaure
  6283 | D:6      | Killed Menkaure
  6403 | D:6      | Reached skill level 10 in Axes
  6924 | D:7      | Noticed Maggie
  6941 | D:7      | Killed Maggie
  6968 | D:7      | Found a runed translucent door.
  6969 | D:7      | Noticed Crazy Yiuf
  6996 | D:7      | Noticed Harold
  7020 | D:7      | Killed Harold
  7021 | D:7      | Reached skill level 11 in Axes
  7021 | D:7      | Reached XP level 10. HP: 86/86 MP: 9/9
  7440 | D:7      | Found a staircase to the Ecumenical Temple.
  7704 | D:7      | Killed Crazy Yiuf
  7904 | D:8      | Paralysed by a hornet for 1 turns
  7914 | D:8      | Paralysed by a hornet for 2 turns
  7970 | D:8      | Reached skill level 10 in Shields
  8196 | D:8      | Found an ornate altar of the Wu Jian Council.
  8206 | D:8      | Found a blossoming altar of Fedhas.
  8209 | D:8      | Found a hide-covered altar of Uskayaw.
  8212 | D:8      | Found a stormy altar of Qazlal.
  8601 | D:9      | Found a staircase to the Orcish Mines.
  8856 | D:9      | Reached *** piety under Makhleb
  9362 | D:9      | Identified a scroll of acquirement
  9362 | D:9      | Acquired the +11 broad axe of Propriety {drain, rC+ Will+}
  9454 | D:9      | Identified the ring "Juer" {*Slow +Blink rElec Str+6 Dex+6}
  9684 | D:9      | Reached skill level 12 in Axes
 10207 | D:10     | Entered Level 10 of the Dungeon
 10229 | D:10     | Reached **** piety under Makhleb
 10261 | D:10     | Noticed a gargoyle
 10267 | D:10     | Killed a gargoyle
 10268 | D:10     | Reached XP level 11. HP: 92/97 MP: 10/10
 11225 | D:11     | Noticed Maurice
 11241 | D:11     | Killed Maurice
 11411 | D:12     | Reached skill level 13 in Axes
 11629 | D:12     | Reached skill level 1 in Stealth
 11778 | D:12     | Noticed a purple ugly thing
 11789 | D:12     | Killed a purple ugly thing
 11790 | D:12     | Reached skill level 10 in Fighting
 11790 | D:12     | Reached skill level 10 in Armour
 11847 | D:12     | Noticed a two-headed ogre
 11854 | D:12     | Killed a two-headed ogre
 12196 | D:12     | Found a portal to a secret trove of treasure.
 12367 | D:12     | Found a hazy altar of Hepliaklqana.
 13132 | D:13     | Noticed a cyan ugly thing
 13139 | D:13     | Killed a cyan ugly thing
 13173 | D:13     | Noticed a centaur warrior
 13179 | D:13     | Killed a centaur warrior
 13445 | D:13     | Noticed a catoblepas
 13447 | D:13     | Noticed a two-headed ogre
 13472 | D:13     | Killed a catoblepas
 13473 | D:13     | Reached skill level 14 in Axes
 13474 | D:13     | Killed a two-headed ogre
 13475 | D:13     | Reached XP level 12. HP: 86/107 MP: 11/11
 13648 | D:13     | Noticed a five-headed hydra
 13660 | D:13     | Killed an eight-headed hydra
 14178 | D:13     | Noticed a two-headed ogre
 14178 | D:13     | Noticed a six-headed hydra
 14185 | D:13     | Killed a ten-headed hydra
 14186 | D:13     | Reached skill level 15 in Axes
 14201 | D:13     | Killed a two-headed ogre
 14265 | D:13     | Found a gate to the Vaults.
 14396 | D:13     | Reached ***** piety under Makhleb
 14475 | D:14     | Noticed Frances
 14481 | D:14     | Killed Frances
 14616 | D:14     | Noticed Jorgrun
 14634 | D:14     | Killed Jorgrun
 14635 | D:14     | Reached XP level 13. HP: 40/116 MP: 12/12
 14647 | D:14     | Killed by mirror damage

Illustrated notes

Levels and vault maps discovered:
D:1:      tarquinn_simple_flora_water_d, layout_loops_ring,
          chequers_ecumenical_altar_lobes, serial_forest,
          infiniplex_forest_lined_4_way, infiniplex_forest_straight_1,
          infiniplex_forest_corner_1, infiniplex_forest_lined_2,
          infiniplex_forest_zigzag_1, chequers_serial_rivers_small_3,
          kennysheep_nondescript
D:2:      layout_basic, lightli_corner_chamber
D:3:      minmay_bubble_buster, layout_loops_ring,
          grunt_temple_overflow_holy_war, serial_bayou_pond_d, uniq_grinder
D:4:      layout_rooms, demons_altar, serial_shops, shop
D:5:      layout_basic, uniq_eustachio
D:6:      layout_loops_corners, uniq_menkaure, uniq_pikel
D:7:      layout_gridville, minmay_temple_entry_nine_rooms, uniq_maggie,
          uniq_harold, uniq_crazy_yiuf_cottage
D:8:      layout_rooms, grunt_temple_overflow_cloverleaf,
          kennysheep_small_spiral, minmay_fractal_squares_5
D:9:      layout_irregular_city, grunt_ministairs_5
D:10:     layout_roguey
D:11:     layout_basic, erik_lair_dragon, uniq_sonja, uniq_maurice
D:12:     layout_cave_pods, enter_trove_0, nicolae_hepliaklqana_hippocampus
D:13:     layout_roguey, david_vaults_4, laboratory
D:14:     layout_irregular_city, serial_shops, shop, enter_bailey_4,
          nemelex_lonely_heart_becter, uniq_frances, uniq_jorgrun, uniq_kirke

Skill      XL: |  1  2  3  4  5  6  7  8  9 10 11 12 |
---------------+-------------------------------------+-----
Fighting       | 4 5 6 7 9 10 11 | 11.5
Shields        | 4 5 6 8 9 10 12 13 | 13.0
Armour         | 4 5 6 7 8 9 10 11 | 11.5
Axes           | 3 4 5 6 7 9 11 12 14 15 | 15.9
Dodging        | 1 2 |  2.9
Stealth        | 1 |  1.3
Unarmed Combat | |  0.1

Action                   |  1- 3 |  4- 6 |  7- 9 | 10-12 | 13-15 || total
-------------------------+-------+-------+-------+-------+-------++-------
Melee: War axe           |    80 |    80 |   283 |   151 |       ||   594
       Headbutt          |     9 |    11 |    60 |   116 |     5 ||   201
       Unarmed           |       |       |    10 |       |       ||    10
       Broad axe         |       |       |       |   299 |     7 ||   306
 Abil: Evoke Blink       |       |       |       |       |     1 ||     1
  Use: Scroll            |     1 |     1 |     4 |    13 |       ||    19
       Potion            |       |       |     2 |     5 |       ||     7
Armor: Scale mail        |    32 |       |       |       |       ||    32
       Plate armour      |       |    31 |   105 |   211 |       ||   347
Dodge: Dodged            |    23 |    13 |    45 |    82 |       ||   163
Block: Kite shield       |    41 |    64 |   232 |   405 |     6 ||   748
       Reflection        |       |       |     9 |    27 |       ||    36
       Other             |       |       |     4 |       |       ||     4

Table legend: (Time is in decaauts)
 A = Elapsed time spent in this place.
 B = Non-inter-level travel time spent in this place.
 C = Inter-level travel time spent in this place.
 D = Time resting spent in this place.
 E = Time spent auto-exploring this place.
 F = Levels seen in this place.
 G = Mean time per level.
                   A        B        C        D        E       F      G
               +--------+--------+--------+--------+--------+-----+--------+
         Total |  14834 |  14809 |     25 |   3180 |   6788 |  14 | 1059.6 |
       Dungeon |  14834 |  14809 |     25 |   3180 |   6788 |  14 | 1059.6 |
               +--------+--------+--------+--------+--------+-----+--------+

Top non-repeatable levels by time:
    D:12: 1613 daAuts
     D:9: 1611 daAuts
     D:3: 1509 daAuts
     D:6: 1487 daAuts
    D:13: 1455 daAuts
     D:5: 1128 daAuts
     D:2: 1106 daAuts
     D:1: 937 daAuts
     D:7: 892 daAuts
     D:8: 856 daAuts
     D:4: 851 daAuts
    D:11: 670 daAuts
    D:10: 534 daAuts
    D:14: 179 daAuts
